TOP OF THE 1ST |
Birmingham Barons batting - Pitching for Asheville Tourists : RHP Jayden Britz
|
Pitching: RHP Jayden Britz
|
|
Batting: RHB Bob Bathe
|
0-0: Bunt missed! 0-1: Ball 1-1: Ball 2-1: Fly out, F8 (Flyball, 8LD, EV 73.8 MPH)
|
Batting: RHB Tim Hulett
|
0-0: Ball 1-0: Foul Ball, location: 2F 1-1: Called Strike 1-2: Fly out, F8 (Flyball, 8LD, EV 86.3 MPH)
|
Batting: RHB Bill R Moore
|
0-0: Fly out, F5 (Popup, 56S, EV 71.9 MPH)
|
Top of the 1st over - 0 runs, 0 hits, 0 errors, 0 left on base; Birmingham 0 - Asheville 0 |
BOTTOM OF THE 1ST |
Asheville Tourists batting - Pitching for Birmingham Barons : LHP Gene Lambert
|
Pitching: LHP Gene Lambert
|
|
Batting: RHB Ulises Infante
|
0-0: Ball 1-0: Ball 2-0: Called Strike 2-1: Ball 3-1: Base on Balls
|
Batting: SHB Wayne Simmons
|
0-0: Ball 1-0: Called Strike 1-1: Foul Ball, location: 2F 1-2: Ball 2-2: Strikes out looking
|
Batting: LHB Mike Aldrete
|
Balk! Ulises Infante to second 0-0: Swinging Strike 0-1: Swinging Strike 0-2: Ball 1-2: Ball 2-2: SINGLE (Line Drive, 89S, EV 93.8 MPH) Ulises Infante to third Runner from 3rd tries for Home, SAFE, throw by RF to home
|
Batting: RHB Wes Robbins
|
0-0: Called Strike 0-1: Foul Ball, location: 2F 0-2: Fielders Choice at 2nd, 4-6 (Groundball, 34S, EV 83.8 MPH)
|
Batting: LHB Donald Mazzilli
|
0-0: Ball Wes Robbins is caught stealing 2nd base 2-6
|
Bottom of the 1st over - 1 run, 1 hit, 0 errors, 0 left on base; Birmingham 0 - Asheville 1 |
TOP OF THE 2ND |
Birmingham Barons batting - Pitching for Asheville Tourists : RHP Jayden Britz
|
Batting: LHB Vernon Ramie
|
0-0: Swinging Strike 0-1: Ball 1-1: Ground out 4-3 (Groundball, 4, EV 95.6 MPH)
|
Batting: RHB Anthony Veith
|
0-0: Ball 1-0: Called Strike 1-1: Ball 2-1: Swinging Strike 2-2: Ground out 5-3 (Groundball, 56, EV 98.1 MPH)
|
Batting: LHB Joe Szekely
|
0-0: Called Strike 0-1: Ball 1-1: Swinging Strike 1-2: Ball 2-2: Foul Ball, location: 2F 2-2: Foul Ball, location: 2F 2-2: Strikes out swinging
|
Top of the 2nd over - 0 runs, 0 hits, 0 errors, 0 left on base; Birmingham 0 - Asheville 1 |
BOTTOM OF THE 2ND |
Asheville Tourists batting - Pitching for Birmingham Barons : LHP Gene Lambert
|
Batting: LHB Donald Mazzilli
|
0-0: Swinging Strike 0-1: Foul Ball, location: 2F 0-2: Strikes out swinging
|
Batting: RHB Gareth Ledbetter
|
0-0: Foul Ball, location: 2F 0-1: Called Strike 0-2: Foul Ball, location: 2F 0-2: Ball 1-2: SOLO HOME RUN (Flyball, 7D, EV 97.5 MPH), Distance : 375 ft
|
Batting: LHB Elias Nava
|
0-0: Ball 1-0: Swinging Strike 1-1: SINGLE (Line Drive, 9S, EV 100.0 MPH)
|
Batting: RHB Tony Toups
|
0-0: Ball 1-0: Grounds into double play, 5-4-3 (Groundball, 5, EV 81.9 MPH)
|
Bottom of the 2nd over - 1 run, 2 hits, 0 errors, 0 left on base; Birmingham 0 - Asheville 2 |
TOP OF THE 3RD |
Birmingham Barons batting - Pitching for Asheville Tourists : RHP Jayden Britz
|
Batting: RHB Kenneth Patterson
|
0-0: SINGLE (Line Drive, 4D, EV 96.3 MPH)
|
Batting: SHB Giampietro Pasquetto
|
0-0: Ball 1-0: Ball 2-0: Ball 3-0: Called Strike 3-1: Base on Balls Kenneth Patterson to second
|
Batting: RHB Rod Johnson
|
0-0: Ball 1-0: Ball 2-0: Foul Ball, location: 2F 2-1: Called Strike 2-2: Strikes out looking
|
Batting: RHB Bob Bathe
|
0-0: Ground out 6-3 (Groundball, 6MS, EV 72.5 MPH) Kenneth Patterson to third Giampietro Pasquetto to second
|
Batting: RHB Tim Hulett
|
0-0: Called Strike 0-1: Fly out, F5 (Line Drive, 5, EV 66.9 MPH)
|
Top of the 3rd over - 0 runs, 1 hit, 0 errors, 2 left on base; Birmingham 0 - Asheville 2 |
BOTTOM OF THE 3RD |
Asheville Tourists batting - Pitching for Birmingham Barons : LHP Gene Lambert
|
Batting: RHB Scott Thayer
|
0-0: Called Strike 0-1: Foul Ball, location: 2F 0-2: Foul Ball, location: 2F 0-2: Strikes out swinging
|
Batting: RHB Ulises Infante
|
0-0: Called Strike 0-1: Foul Ball, location: 2F 0-2: Ground out 6-3 (Groundball, 56, EV 84.4 MPH)
|
Batting: SHB Wayne Simmons
|
0-0: Ball 1-0: Called Strike 1-1: Ball 2-1: Ball 3-1: Base on Balls
|
Batting: LHB Mike Aldrete
|
0-0: Called Strike 0-1: Foul Ball, location: 2F 0-2: Ball 1-2: SINGLE (Groundball, 6D, EV 98.1 MPH) Wayne Simmons to second
|
Batting: RHB Wes Robbins
|
0-0: Ball 1-0: Called Strike 1-1: Foul Ball, location: 2F 1-2: Foul Ball, location: 2F 1-2: DOUBLE (Groundball, 5L, EV 105.6 MPH) Wayne Simmons scores Mike Aldrete to third
|
Batting: LHB Donald Mazzilli
|
0-0: Ball 1-0: Swinging Strike 1-1: DOUBLE (Flyball, 8LXD, EV 94.4 MPH) Mike Aldrete scores Wes Robbins scores
|
Batting: RHB Gareth Ledbetter
|
0-0: Foul Ball, location: 2F 0-1: Hit by Pitch
|
Batting: LHB Elias Nava
|
0-0: Ball 1-0: Ball 2-0: Called Strike 2-1: Fly out, F7 (Flyball, 7, EV 82.5 MPH)
|
Bottom of the 3rd over - 3 runs, 3 hits, 0 errors, 2 left on base; Birmingham 0 - Asheville 5 |
TOP OF THE 4TH |
Birmingham Barons batting - Pitching for Asheville Tourists : RHP Jayden Britz
|
Batting: RHB Bill R Moore
|
0-0: Ball 1-0: Ball 2-0: Ball 3-0: Called Strike 3-1: Swinging Strike 3-2: SOLO HOME RUN (Flyball, 78XD, EV 105.0 MPH), Distance : 414 ft
|
Batting: LHB Vernon Ramie
|
0-0: Called Strike 0-1: SINGLE (Groundball, 34D, EV 98.8 MPH)
|
Batting: RHB Anthony Veith
|
0-0: Called Strike 0-1: Foul Ball, location: 2F 0-2: Foul Ball, location: 2F 0-2: Ball 1-2: 2-RUN HOME RUN (Flyball, 7LD, EV 91.9 MPH), Distance : 364 ft
|
Batting: LHB Joe Szekely
|
0-0: Called Strike 0-1: Ball 1-1: Ball 2-1: Ball 3-1: Base on Balls
|
Batting: RHB Kenneth Patterson
|
0-0: Ball 1-0: Ball 2-0: Ball 3-0: Called Strike 3-1: Swinging Strike 3-2: Fly out, F8 (Line Drive, 8LD, EV 91.3 MPH)
|
Batting: SHB Giampietro Pasquetto
|
0-0: Called Strike Joe Szekely steals 2nd base 0-1: Called Strike 0-2: Ground out 4-3 (Groundball, 4, EV 105.6 MPH) Joe Szekely to third
|
Batting: RHB Rod Johnson
|
0-0: Called Strike 0-1: Swinging Strike 0-2: Ball 1-2: Ball 2-2: Strikes out swinging
|
Top of the 4th over - 3 runs, 3 hits, 0 errors, 1 left on base; Birmingham 3 - Asheville 5 |
BOTTOM OF THE 4TH |
Asheville Tourists batting - Pitching for Birmingham Barons : LHP Gene Lambert
|
Batting: RHB Tony Toups
|
0-0: Ball 1-0: Ball 2-0: Ball 3-0: Called Strike 3-1: Foul Ball, location: 2F 3-2: SINGLE (Line Drive, 4M, EV 103.1 MPH)
|
Batting: RHB Scott Thayer
|
0-0: Ball 1-0: Ball 2-0: Foul Ball, location: 2F 2-1: Ball 3-1: Base on Balls Tony Toups to second
|
Batting: RHB Ulises Infante
|
0-0: Ball 1-0: Called Strike 1-1: Foul Ball, location: 2F 1-2: Fly out, F8 (Flyball, 8RM, EV 88.8 MPH)
|
Batting: SHB Wayne Simmons
|
0-0: Ball 1-0: Foul Ball, location: 2F 1-1: Swinging Strike 1-2: Fly out, F7 (Flyball, 78S, EV 90.0 MPH)
|
Batting: LHB Mike Aldrete
|
0-0: Ball 1-0: Called Strike 1-1: Swinging Strike 1-2: Ball 2-2: DOUBLE (Flyball, 89D, EV 102.5 MPH) Tony Toups scores Scott Thayer to third
|
Pitching: LHP Guy Finch
|
|
Batting: RHB Wes Robbins
|
0-0: Ball 1-0: Called Strike 1-1: Swinging Strike 1-2: Ball 2-2: Foul Ball, location: 2F 2-2: Ball 3-2: Foul Ball, location: 2F 3-2: Strikes out looking
|
Bottom of the 4th over - 1 run, 2 hits, 0 errors, 2 left on base; Birmingham 3 - Asheville 6 |
TOP OF THE 5TH |
Birmingham Barons batting - Pitching for Asheville Tourists : RHP Jayden Britz
|
Batting: RHB Bob Bathe
|
0-0: Foul Ball, location: 2F 0-1: Foul Ball, location: 2F 0-2: Ball 1-2: Ball 2-2: Ground out 5-3 (Groundball, 5S, EV 66.9 MPH)
|
Batting: RHB Tim Hulett
|
0-0: Called Strike 0-1: Swinging Strike 0-2: Strikes out looking
|
Batting: RHB Bill R Moore
|
0-0: Called Strike 0-1: Swinging Strike 0-2: Ball 1-2: Fly out, F8 (Flyball, 8LD, EV 93.8 MPH)
|
Top of the 5th over - 0 runs, 0 hits, 0 errors, 0 left on base; Birmingham 3 - Asheville 6 |
BOTTOM OF THE 5TH |
Asheville Tourists batting - Pitching for Birmingham Barons : LHP Guy Finch
|
Batting: LHB Donald Mazzilli
|
0-0: Ball 1-0: Ball 2-0: Called Strike 2-1: Swinging Strike 2-2: Foul Ball, location: 2F 2-2: Foul Ball, location: 2F 2-2: Foul Ball, location: 2F 2-2: Foul Ball, location: 2F 2-2: Ball 3-2: Base on Balls
|
Batting: RHB Gareth Ledbetter
|
0-0: Bunt missed! 0-1: Ball 1-1: Bunted foul 1-2: Ball 2-2: Grounds into double play, 5-4-3 (Groundball, 56, EV 92.5 MPH)
|
Batting: LHB Elias Nava
|
0-0: Called Strike 0-1: Foul Ball, location: 2F 0-2: Ball 1-2: Foul Ball, location: 2F 1-2: Ball 2-2: Strikes out swinging
|
Bottom of the 5th over - 0 runs, 0 hits, 0 errors, 0 left on base; Birmingham 3 - Asheville 6 |
TOP OF THE 6TH |
Birmingham Barons batting - Pitching for Asheville Tourists : RHP Jayden Britz
|
Batting: LHB Vernon Ramie
|
0-0: Ball 1-0: Ball 2-0: Called Strike 2-1: Ball 3-1: Base on Balls
|
Batting: RHB Anthony Veith
|
0-0: Ball 1-0: Foul Ball, location: 2F 1-1: Foul Ball, location: 2F 1-2: Foul Ball, location: 2F 1-2: Foul Ball, location: 2F 1-2: SINGLE (Groundball, 34D, EV 105.6 MPH) Vernon Ramie to second Runner from 2nd tries for 3rd, SAFE, throw by RF made to third
|
Batting: LHB Joe Szekely
|
0-0: Ball 1-0: Called Strike 1-1: Foul Ball, location: 2F 1-2: Fly out, F5 (Popup, 5SF, EV 68.8 MPH)
|
Batting: RHB Kenneth Patterson
|
0-0: Called Strike 0-1: Ball 1-1: Called Strike 1-2: Fly out, F4 (Popup, 13, EV 82.5 MPH)
|
Batting: SHB Giampietro Pasquetto
|
0-0: Ball 1-0: Ball 2-0: SINGLE (Line Drive, 7S, EV 96.9 MPH) Vernon Ramie scores Anthony Veith to second
|
Batting: RHB Rod Johnson
|
0-0: Fly out, F9 (Flyball, 9, EV 83.8 MPH)
|
Top of the 6th over - 1 run, 2 hits, 0 errors, 2 left on base; Birmingham 4 - Asheville 6 |
BOTTOM OF THE 6TH |
Asheville Tourists batting - Pitching for Birmingham Barons : LHP Guy Finch
|
Batting: RHB Tony Toups
|
0-0: Ball 1-0: Ball 2-0: Called Strike 2-1: Ball 3-1: Base on Balls
|
Batting: RHB Scott Thayer
|
0-0: Ball 1-0: Ball 2-0: Called Strike 2-1: Swinging Strike 2-2: Ball 3-2: Strikes out looking Tony Toups steals 2nd base Batter strikes out.
|
Batting: RHB Ulises Infante
|
0-0: Ball 1-0: Called Strike 1-1: Ball 2-1: Ball 3-1: Base on Balls
|
Pitching: LHP Todd Richard
|
|
Batting: SHB Wayne Simmons
|
0-0: Grounds into double play, 6-4-3 (Groundball, 6, EV 88.1 MPH)
|
Bottom of the 6th over - 0 runs, 0 hits, 0 errors, 1 left on base; Birmingham 4 - Asheville 6 |
TOP OF THE 7TH |
Birmingham Barons batting - Pitching for Asheville Tourists : RHP Jayden Britz
|
Batting: RHB Bob Bathe
|
0-0: Foul Ball, location: 2F 0-1: Foul Ball, location: 2F 0-2: Ball 1-2: Ball 2-2: Ball 3-2: Strikes out swinging
|
Batting: RHB Tim Hulett
|
0-0: Ground out 5-3 (Groundball, 5L, EV 82.5 MPH)
|
Batting: RHB Bill R Moore
|
0-0: Ball 1-0: Ball 2-0: Foul Ball, location: 2F 2-1: Fly out, F8 (Line Drive, 8RM, EV 91.3 MPH)
|
Top of the 7th over - 0 runs, 0 hits, 0 errors, 0 left on base; Birmingham 4 - Asheville 6 |
BOTTOM OF THE 7TH |
Asheville Tourists batting - Pitching for Birmingham Barons : LHP Todd Richard
|
Batting: LHB Mike Aldrete
|
0-0: Ball 1-0: Ball 2-0: SINGLE (Flyball, 78S, EV 90.0 MPH)
|
Batting: RHB Wes Robbins
|
0-0: Foul Ball, location: 2F 0-1: Ball 1-1: SINGLE (Line Drive, 8LS, EV 93.1 MPH) Mike Aldrete to second
|
Batting: LHB Donald Mazzilli
|
0-0: Called Strike Pickoff Throw to Second - Out! 0-1: Foul Ball, location: 2F 0-2: Foul Ball, location: 2F 0-2: Ball 1-2: Ball 2-2: 2-RUN HOME RUN (Flyball, 9D, EV 93.1 MPH), Distance : 355 ft
|
Batting: RHB Gareth Ledbetter
|
0-0: Ball 1-0: Swinging Strike 1-1: Swinging Strike 1-2: Strikes out swinging
|
Batting: LHB Elias Nava
|
0-0: Ball 1-0: Foul Ball, location: 2F 1-1: Foul Ball, location: 2F 1-2: Foul Ball, location: 2F 1-2: Strikes out looking
|
Bottom of the 7th over - 2 runs, 3 hits, 0 errors, 0 left on base; Birmingham 4 - Asheville 8 |
TOP OF THE 8TH |
Birmingham Barons batting - Pitching for Asheville Tourists : RHP Jayden Britz
|
Batting: LHB Vernon Ramie
|
0-0: Called Strike 0-1: Foul Ball, location: 2F 0-2: Ball 1-2: Ground out 6-3 (Groundball, 6, EV 86.3 MPH)
|
Batting: RHB Anthony Veith
|
0-0: Ball 1-0: Swinging Strike 1-1: Swinging Strike 1-2: Ball 2-2: Fly out, F8 (Flyball, 8RD, EV 97.5 MPH)
|
Batting: LHB Joe Szekely
|
0-0: Ball 1-0: Ball 2-0: Foul Ball, location: 2F 2-1: Ball 3-1: Foul Ball, location: 2F 3-2: Strikes out looking
|
Top of the 8th over - 0 runs, 0 hits, 0 errors, 0 left on base; Birmingham 4 - Asheville 8 |
BOTTOM OF THE 8TH |
Asheville Tourists batting - Pitching for Birmingham Barons : LHP Todd Richard
|
Batting: RHB Tony Toups
|
0-0: Ball 1-0: Ground out 5-3 (Groundball, 56S, EV 71.3 MPH)
|
Batting: RHB Scott Thayer
|
0-0: Swinging Strike 0-1: Called Strike 0-2: Foul Ball, location: 2F 0-2: Ball 1-2: Ball 2-2: Strikes out looking
|
Batting: RHB Ulises Infante
|
0-0: Foul Ball, location: 2F 0-1: Ball 1-1: Called Strike 1-2: Ball 2-2: Ball 3-2: Strikes out swinging
|
Bottom of the 8th over - 0 runs, 0 hits, 0 errors, 0 left on base; Birmingham 4 - Asheville 8 |
TOP OF THE 9TH |
Birmingham Barons batting - Pitching for Asheville Tourists : RHP Jayden Britz
|
Batting: RHB Kenneth Patterson
|
0-0: Ball 1-0: Fly out, F4 (Popup, 3DF, EV 65.6 MPH)
|
Batting: SHB Giampietro Pasquetto
|
0-0: Called Strike 0-1: Ball 1-1: Fly out, F9 (Line Drive, 9, EV 95.6 MPH)
|
Batting: RHB Rod Johnson
|
0-0: Ball 1-0: Ball 2-0: Called Strike 2-1: Ground out 6-3 (Groundball, 6, EV 83.1 MPH)
|
Top of the 9th over - 0 runs, 0 hits, 0 errors, 0 left on base; Birmingham 4 - Asheville 8 |
|